Unix NetHack Version 3.7.0-86 Work-in-progress - last build May 30 2023 01:50:43 (cc98dc9aa62a9957b082a042edf5bd7ec9f632c7,branch:master). Game began 2023-06-02 08:03:59, ended 2023-06-02 08:20:25. spontiff, neutral male gnomish Healer ---- --..| |...| |...| |.|.| |.|.| ---|.|.-- --.--.|.*-- |.....|^..-- |.....--[..-- |......|..d.| --.....h@...| ----........-- . |.....).-| -.|....)...-- --.|.....)|..---- |....-------<...| |..--- ---..| --- |..| ---- Spontiff the Rhizotomist St:7 Dx:9 Co:15 In:10 Wi:16 Ch:17 Neutral S:200 Dlvl:5 $:957 HP:0(15) Pw:7(7) AC:7 Xp:1/0 T:1215 Fainted Deaf Latest messages: The dog bites the gnome. The gnome is killed! The dog eats a gnome corpse. You see here a rock. A trap door in the ceiling opens and a rock falls on your head! Fortunately, you are wearing a hard helmet. M - 2 rocks. What do you want to drop? [$ceg-kn-qsxyGIKMSWZ or ?*] M You drop 2 rocks. What do you want to use or apply? [ijo-qsS or ?*] s In what direction? k Status of the dog (neutral, medium): Level 4 HP 23(27) AC 5, tame, eating, trapped. In what direction? k That is a bear trap. You hear crashing rock. You faint from lack of food. The garter snake bites! The garter snake bites! The garter snake bites! You regain consciousness. What do you want to zap? [S or ?*] S In what direction? y The sleep ray hits the garter snake. The sleep ray bounces! You can hear again. What do you want to use or apply? [ijo-qsS or ?*] s In what direction? l The invisible monster must have moved. You hear nothing special. You see here a vulgar polearm. Pick an object. You see here 13 arrows. You see here a bow. You hear crashing rock. What do you want to use or apply? [ijo-qsS or ?*] s In what direction? k Status of the dog (neutral, medium): Level 4 HP 24(27) AC 5, tame, eating, trapped. The dog pulls free of the bear trap. What do you want to use or apply? [ijo-qsS or ?*] o You flip through the pages of the spellbook of blank paper. This spellbook has nothing written in it. What do you want to use or apply? [ijo-qsS or ?*] s In what direction? y Status of the dog (neutral, medium): Level 4 HP 25(27) AC 5, tame, eating. You faint from lack of food. The hobbit thrusts his runed dagger. The hobbit hits! You die... Do you want your possessions identified? [ynq] (y) y Do you want to see the dungeon overview? [ynq] (y) q Inventory: Coins $ - 957 gold pieces Weapons W - 4 uncursed +0 darts k - an uncursed +0 orcish dagger K - an uncursed +0 scalpel (alternate weapon; not wielded) Armor h - an uncursed +0 orcish helm (being worn) g - an uncursed +1 pair of leather gloves (being worn) Comestibles y - an uncursed apple Scrolls n - an uncursed scroll of blank paper Spellbooks o - an uncursed spellbook of blank paper q - a blessed spellbook of confuse monster i - a blessed spellbook of extra healing p - a blessed spellbook of healing j - a blessed spellbook of stone to flesh Potions e - a blessed potion of extra healing I - a cursed potion of fruit juice c - 5 uncursed potions of healing G - a cursed potion of healing x - an uncursed potion of paralysis Rings Z - an uncursed ring of conflict Wands S - an uncursed wand of sleep (0:5) Tools s - an uncursed stethoscope Spontiff the Healer's attributes: Background: You were a Rhizotomist, a level 1 male gnomish Healer. You were neutral, on a mission for Hermes who was opposed by Athena (lawful) and Poseidon (chaotic). You were in the Gnomish Mines, on level 5. You entered the dungeon 1215 turns ago. You had 0 experience points, 20 were needed to attain level 2. Your score was 200 before end-of-game adjustments. Basics: You had 0 out of 15 hit points. You had all 7 energy points (spell power). Your armor class was 7. Your wallet contained 957 zorkmids. Autopickup was on for '$!/="?' plus thrown, with exceptions. Final Characteristics: Your strength was 7 (base:8, limit:18/50). Your dexterity was 9 (limit:18). Your constitution was 15 (limit:18). Your intelligence was 10 (limit:19). Your wisdom was 16 (limit:18). Your charisma was 17 (limit:18). Final Status: You were deaf. You were fainted due to starvation. You were unencumbered. You were empty handed. You were unskilled in bare handed combat. Final Attributes: You were devoutly aligned. You were poison resistant. You had infravision. You are dead. Miscellaneous: You never encountered a bones level. Total elapsed playing time was 16 minutes and 26 seconds. Major events: Turn 1: spontiff the neutral male gnomish Healer entered the dungeon 1100: entered the Gnomish Mines 1215: killed by a hobbit, while fainted from lack of food Vanquished creatures: a shrieker a dwarf a cave spider 2 gnomes 3 jackals a kobold 3 goblins 2 sewer rats 7 grid bugs a lichen a kobold zombie 2 newts 25 creatures vanquished. No species were genocided or became extinct. Voluntary challenges: You followed a strict vegan diet. You never hit with a wielded weapon. You were a pacifist. You were illiterate. You never engraved Elbereth. You never genocided any monsters. You never polymorphed an object. You never changed form. You used no wishes. Achievements: You entered a shop. You entered the Gnomish Mines. The Dungeons of Doom: levels 1 to 4 Level 1: Level 2: "Stashlet (potions)" A sink. Level 3: A potion shop. Level 4: An altar. Stairs down to The Gnomish Mines. The Gnomish Mines: Level 5: <- You were here. Final resting place for you, killed by a hobbit, while fainted from lack of food. Game over: ---------- / \ / REST \ / IN \ / PEACE \ / \ | spontiff | | 957 Au | | killed by a | | hobbit | | | | | | 2023 | *| * * * | * _________)/\\_//(\/(/\)/\//\/|_)_______ Goodbye spontiff the Healer... You died in The Gnomish Mines on dungeon level 5 with 200 points, and 957 pieces of gold, after 1215 moves. You were level 1 with a maximum of 15 hit points when you died.